 Dungeon Crawl Stone Soup version 0.31.0-11-ge490571c62 (webtiles) character file.

Game seed: 12490629357488934855

483612 SnakkuSnakku7 the Phalangite (level 23, 0/209 HPs)
             Began as a Merfolk Conjurer on Feb 1, 2024.
             Was the Champion of Okawaru.
             Killed from afar by a starcursed mass (13 damage)
             ... with an accursed screaming
             ... while paralysed by accursed screaming
             ... on level 3 of the Abyss.
             The game lasted 01:37:54 (46455 turns).

SnakkuSnakku7 the Phalangite (Merfolk Conjurer)    Turns: 46455, Time: 01:37:55

Health: 0/209      AC: 36    Str: 16    XL:     23   Next: 40%
Magic:  34/34      EV:  2    Int: 22    God:    Okawaru [******]
Gold:   811        SH:  0    Dex: 13    Spells: 25/26 levels left

rFire   + . .        a - +9 bardiche (vamp)
rCold   + + +        (shield currently unavailable)
rNeg    . . .        h - +8 plate armour of the Northern Lights {rC+ Regen+ rCorr Stlth+}
rPois   +            W - +2 helmet of the Shining Light {rC+}
rElec   +            C - +2 cloak {rC+}
rCorr   +            S - +2 pair of gloves {Dex+3}
SInv    .            T - +2 pair of slick slippers {slick, slippery, EV+4}
Will    +....        d - amulet of regeneration Stlth
                     L - +4 ring of protection
HPRegen 0.00/turn    X - ring "Zorocseoni" {rElec Int+6 Slay+3}
MPRegen 0.24/turn

%: random rage (9%)
@: paralysed, about to teleport, resistant, weakened, inhibited regen, studying
2 skills
A: dopey 1, inability to use devices, hated by all, cowardly, inexperienced 1,
(nimble swimmer 2), mertail, [berserk 2], [clumsy 2], [deformed body],
[deterioration 2], [inhibited regeneration], [inability to drink after injury 1]
}: 3/15 runes: serpentine, barnacled, silver
a: Renounce Religion, Heroism, Finesse, Duel


You were on level 3 of the Abyss.
You worshipped Okawaru.
Okawaru was exalted by your worship.
You visited 8 branches of the dungeon, and saw 38 of its levels.
You visited the Abyss 1 time.
You visited 1 bazaar.
You also visited: Trove, Sewer, Gauntlet, Ice Cave and Volcano.

You collected 5309 gold pieces.
You spent 4498 gold pieces at shops.

Inventory:

Hand Weapons
 a - a +9 vampiric bardiche (weapon)
 b - a +2 antimagic bardiche
Missiles
 s - 38 silver javelins
 F - 9 curare-tipped darts (quivered)
 R - 9 throwing nets
Armour
 h - the +8 plate armour of the Northern Lights (worn) {rC+ Regen+ rCorr Stlth+}
   (Okawaru gifted it to you on level 1 of the Snake Pit)

   rC+:       It protects you from cold.
   Regen+:    It increases your rate of health regeneration.
   rCorr:     It protects you from acid and corrosion.
   Stlth+:    It makes you more stealthy.
 l - the +0 helmet "Esifunn" {rElec rPois rF+}
   (You found it in a Gauntlet)

   rF+:       It protects you from fire.
   rElec:     It insulates you from electricity.
   rPois:     It protects you from poison
 C - a +2 cloak of cold resistance (worn)
 S - a +2 pair of gloves of dexterity (worn)
 T - the +2 pair of slick slippers (worn) {slick, slippery, EV+4}
   (You found it in a treasure trove)

   Slick:     Its wearer cannot be constricted, engulfed, netted or webbed.
   Slippery:  Its wearer slips away from damaging melee attacks, pulling the
   attacker onward.
   EV+4:      It affects your evasion (+4).
 V - a +1 pair of boots of rampaging
 W - the +2 helmet of the Shining Light (worn) {rC+}
   (You found it on level 3 of the Shoals)

   rC+:       It protects you from cold.
Jewellery
 d - an amulet of regeneration (around neck)
 t - a ring of willpower
 z - a ring of see invisible
 A - a ring of positive energy
 D - a ring of positive energy
 H - an amulet of the acrobat
 I - a ring of resist corrosion
 K - a ring of protection from fire
 L - a +4 ring of protection (left hand)
 M - a ring of fire
 N - the ring of Rakisiut {rF+ Dex+5}
   (You found it in a treasure trove)

   [ring of protection from fire]

   Dex+5:     It affects your dexterity (+5).
   rF+:       It protects you from fire.
 Q - a +6 ring of intelligence
 X - the ring "Zorocseoni" (right hand) {rElec Int+6 Slay+3}
   (You bought it in a shop in a bazaar)

   [ring of intelligence]

   Int+6:     It affects your intelligence (+6).
   Slay+3:    It affects your accuracy & damage with ranged weapons and melee
   (+3).
   rElec:     It insulates you from electricity.
Scrolls
 g - 7 scrolls of poison
 j - 16 scrolls of identify
 k - 7 scrolls of vulnerability
 p - 5 scrolls of fear
 r - 16 scrolls of teleportation
 v - 2 scrolls of fog
 x - 10 scrolls of immolation
 y - 9 scrolls of blinking
 J - a scroll of revelation
Potions
 c - 4 potions of heal wounds
 e - 2 potions of resistance
 f - 4 potions of enlightenment
 i - 12 potions of curing
 m - 7 potions of haste
 n - 4 potions of cancellation
 o - 4 potions of lignification
 q - 7 potions of mutation
 w - 3 potions of ambrosia
 B - 4 potions of brilliance
 E - 3 potions of invisibility
 G - 4 potions of magic
 O - 6 potions of attraction
 P - 3 potions of berserk rage


   Skills:
 - Level 24.0 Fighting
 - Level 24.0 Polearms
 - Level 8.9 Throwing
 - Level 15.0 Armour
 + Level 22.2 Dodging
 - Level 2.1 Stealth
 - Level 2.0 Spellcasting
 - Level 3.2 Conjurations
 - Level 15.0 Invocations


You had 25 spell levels left.
You knew the following spells:

 Your Spells              Type           Power      Damage    Failure   Level
a - Magic Dart            Conj           64%        1d6       56%         1

Your spell library contained the following spells:

 Spells                   Type           Power      Damage    Failure   Level
 Searing Ray              Conj           32%        2d5       71%         2
 Kiss of Death            Conj/Necr      36%        2d8       80%         1
 Sting                    Conj/Alch      36%        1d5       80%         1
 Apportation              Tloc           4%         N/A       95%         1
 Freeze                   Ice            8%         1d3       95%         1
 Necrotise                Necr           8%         1d4       95%         1
 Blink                    Tloc           4%         N/A       98%         2
 Ensorcelled Hibernation  Hex/Ice        4%         N/A       98%         2
 Jinxbite                 Hex            4%         N/A       98%         2
 Mercury Vapours          Alch/Air       4%         N/A       98%         2
 Scorch                   Fire           4%         2d5       98%         2
 Sublimation of Blood     Necr           2%         N/A       98%         2
 Hailstorm                Conj/Ice       9%         3d6       99%         3
 Frozen Ramparts          Ice            4%         1d1       100%        3
 Fugue of the Fallen      Necr           2%         N/A       100%        3
 Inner Flame              Hex/Fire       2%         N/A       100%        3
 Passwall                 Erth           2%         N/A       100%        3
 Swiftness                Air            2%         N/A       100%        3
 Vampiric Draining        Necr           2%         2d6       100%        3
 Anguish                  Hex/Necr       1%         N/A       100%        4
 Cause Fear               Hex            1%         N/A       100%        4
 Dimensional Bullseye     Hex/Tloc       1%         N/A       100%        4
 Flame Wave               Conj/Fire      9%         2d6       100%        4
 Fulminant Prism          Conj/Alch      4%         3d5       100%        4
 Iskenderun's Mystic Bla  Conj/Tloc      9%         2d4       100%        4
 Olgreb's Toxic Radiance  Alch           2%         N/A       100%        4
 Sticky Flame             Fire/Alch      2%         2d4       100%        4
 Alistair's Intoxication  Alch           1%         N/A       100%        5
 Borgnjor's Vile Clutch   Necr/Erth      1%         N/A       100%        5
 Curse of Agony           Necr           2%         N/A       100%        5
 Fireball                 Conj/Fire      4%         3d4       100%        5
 Yara's Violent Unravell  Hex/Alch       1%         3d3       100%        5
 Eringya's Noxious Bog    Alch           1%         4d6       100%        6
 Enfeeble                 Hex            1%         N/A       100%        7
 Orb of Destruction       Conj           8%         9d6       100%        7
 Ozocubu's Refrigeration  Ice            1%         4d7       100%        7
 Discord                  Hex            1%         N/A       100%        8
 Call Imp                 Summ           Unusable   N/A       N/A         2
 Tukima's Dance           Hex            Unusable   N/A       N/A         3
 Martyr's Knell           Necr/Summ      Unusable   N/A       N/A         4
 Summon Forest            Summ/Tloc      Unusable   N/A       N/A         5
 Summon Cactus Giant      Summ           Unusable   N/A       N/A         6
 Summon Hydra             Summ           Unusable   N/A       N/A         7
 Dragon's Call            Summ           Unusable   N/A       N/A         9

Dungeon Overview and Level Annotations

Branches:
Dungeon (15/15)            Temple (1/1) D:6            Lair (5/5) D:11
 Shoals (4/4) Lair:3        Snake (4/4) Lair:2        Slime (0/5) Lair:5
    Orc (2/2) D:9             Elf (0/3) Orc:2        Vaults (5/5) D:14
  Crypt (0/3) Vaults:2     Depths (2/4) D:15          Sewer (visited)
  IceCv (visited)         Volcano (visited)         Gauntlet (visited)

Altars:
Ashenzari
Cheibriados
Dithmenos
Elyvilon
Gozag
Kikubaaqudgha
Makhleb
Okawaru
Qazlal
Ru
Sif Muna
Trog
Uskayaw
Vehumet
Wu Jian
Xom
Zin
The Shining One

Shops:
D:2 *   Orc:2 (!=?   Shoals:1 ?   Shoals:3 =   Snake:3 [=   Snake:4 (
Vaults:1 !(   Vaults:3 (   Vaults:4 =   Depths:2 [

Portals:
Hell: Depths:1
Pandemonium: Depths:2

Annotations:
Depths:1 3 runed translucent doors, xzight's ghost, legendary MiBe
Depths:2 16 runed translucent doors


Innate Abilities, Weirdness & Mutations

You are dopey. (Int -2)
You cannot study or use magical devices.
You are hated by all.
Your cowardice makes you less effective in combat with threatening foes.
You are somewhat inexperienced. (-1 XL)
((You are very nimble when in or above water. (Stealth+, EV+, Speed+++)))
Your lower body shifts to a powerful aquatic tail in water.
[You have an uncontrollable temper.]
[You are very clumsy. (Dex -4)]
[Armour fits poorly on your strangely shaped body.]
[Your body often deteriorates upon taking damage.]
[You do not regenerate when monsters are visible.]
[You occasionally lose the ability to drink potions when taking damage.]


Message History

The sixfirhy is engulfed in seething chaos.
The sixfirhy hits you.
* * * LOW HITPOINT WARNING * * *
The sixfirhy shocks you. You resist.
* * * LOW HITPOINT WARNING * * *
You slip backwards!
A starcursed mass comes into view.
The starcursed mass is engulfed in seething chaos.
Unknown command.
You feel much better. The sixfirhy closely misses you.
The sixfirhy barely misses you. The sixfirhy hits you!
* * * LOW HITPOINT WARNING * * *
The sixfirhy shocks you. You resist.
* * * LOW HITPOINT WARNING * * *
You closely miss the sixfirhy.
A deafening chorus of shrieks assaults your mind!
* * * LOW HITPOINT WARNING * * *
A starcursed mass splits.
Unknown command.
You completely miss the sixfirhy.
The ynoxinul gestures.
Unknown command.
You slice the sixfirhy!!
The sixfirhy is severely wounded.
You closely miss the sixfirhy.
The sixfirhy is severely wounded.
The sixfirhy hits you but does no damage. x2
The sixfirhy misses you.
A cacophony of accursed wailing tears at your sanity!
* * * LOW HITPOINT WARNING * * *
You suddenly lose the ability to move!
The ufetubus shouts!
The sixfirhy hits you but does no damage.
The sixfirhy hits you.
* * * LOW HITPOINT WARNING * * *
The sixfirhy shocks you. You resist.
* * * LOW HITPOINT WARNING * * *
The sixfirhy hits you but does no damage.
A cacophony of accursed wailing tears at your sanity!
You die...

# ##. .#. .#.#
####...## .
.....#..3#
#####.#..##...
##.#.@...#..#.#
.#...X#XX#.X##.##
...§##...3t#X35.###
.#. ...#...#.#5#.X
..# #
#.##.##.XXX§#.......
. # ....#.X....X#
..> .
...###.#.#..... ....
....##...##..X
#X#.#. #
.#..#.#.#X..#.###


You could see 9 starcursed masses, an apocalypse crab, a sixfirhy (strong), a
ynoxinul and 2 ufetubi.

Vanquished Creatures
  A dread lich (Arena)
  2 ancient liches
  A shard shrike (IceCv)
  Vashnia (Snake:2)
  2 golden dragons (Vaults:5)
  A tentacled monstrosity (Vaults:5)
  Jorgrun (D:13)
  3 liches
  5 titans (Vaults:5)
  2 quicksilver dragons (Vaults:5)
  A tentacled starspawn (Abyss:3)
  6 sphinxes
  Polyphemus (Shoals:4)
  Kirke (D:13)
  A shadow dragon (Vaults:5)
  Gastronok (D:9)
  2 krakens
  The ghost of hawkwood the Spear-Bearer, an adept DgAr (Shoals:1)
  Donald (Snake:3)
  2 storm dragons
  6 tengu reavers
  7 nagarajas
  The ghost of dialectric the Bludgeoner, a journeyman MiFi of Jiyva (Shoals:3)
  The ghost of Milo the Hermetic, a journeyman DrAl of Vehumet (Shoals:2)
  3 fire giants
  23 vault wardens
  2 frost giants
  Louise (Shoals:4)
  A balrug (Depths:2)
  A reaper (Depths:2)
  24 ironbound preservers
  An orc warlord (Vaults:1)
  A formless jellyfish (Vaults:1)
  5 stone giants
  11 ironbound thunderhulks
  9 very ugly things
  A starflower (Abyss:3)
  2 deep elf demonologists
  A minotaur (Gauntlet)
  The ghost of Qelianenn the Grappler, a journeyman TrFi of Makhleb (Lair:2)
  A deep elf death mage (Vaults:4)
  The ghost of Irhican the Severer, a journeyman MiBe of Trog (Lair:3)
  A white draconian (IceCv)
  A red draconian (Volcano)
  6 ettins
  13 merfolk impalers
  2 crystal guardians (Vaults:1)
  A quicksilver dragon zombie (D:15)
  6 merfolk javelineers
  Josephine (Lair:4)
  3 deep elf high priests
  2 entropy weavers
  Erolcha (D:13)
  15 yaktaur captains
  3 jiangshi (Depths:1)
  A great orb of eyes (Vaults:1)
  42 vault guards
  A fire dragon (D:15)
  Harold (Lair:1)
  A spriggan air mage (Depths:1)
  4 hydras
  4 ice dragons
  5 salamander tyrants
  3 merfolk avatars
  8 ironbound frosthearts
  4 boulder beetles
  2 catoblepae
  8 centaur warriors
  Erica (Lair:1)
  A sphinx zombie (D:15)
  5 ogre magi
  2 alligator snapping turtles (Shoals:4)
  11 merfolk aquamancers
  An alligator (Lair:3)
  5 anacondas
  A peacekeeper (Vaults:1)
  A satyr (Shoals:3)
  2 deep troll earth magi
  10 two-headed ogres
  5 death yaks
  22 naga warriors
  A two-headed ogre (shapeshifter) (Vaults:5)
  A sphinx skeleton (Depths:1)
  3 deep troll shamans
  A vampire mage (Depths:1)
  An occultist (Depths:2)
  An orc high priest (D:15)
  5 hell knights (Depths:1)
  11 shock serpents
  13 naga sharpshooters
  Urug (Lair:5)
  Nergalle (Orc:2)
  Amaemon (D:9)
  8 skysharks
  2 deep elf knights (Vaults:4)
  A wretched star (Abyss:2)
  7 sea snakes
  A storm dragon skeleton (D:15)
  2 skeletal warriors (D:14)
  6 salamander mystics
  2 glowing orange brains (Depths:1)
  3 large abominations
  A mana viper (shapeshifter) (Vaults:5)
  9 mana vipers
  A swamp dragon (Abyss:3)
  8 naga ritualists
  53 deep trolls
  3 deep elf archers
  2 flayed ghosts
  9 arcanists
  An orange crystal statue (IceCv)
  18 ironbound convokers
  7 phantasmal warriors
  4 deep elf pyromancers
  8 lindwurms
  Pikel (D:7)
  5 orc knights
  5 necromancers
  A deep elf zephyrmancer (Vaults:5)
  15 harpies
  6 manticores
  5 fauns
  53 ugly things
  6 cyclopes
  5 orc sorcerers
  33 salamanders
  40 black mambas
  3 meliai (D:15)
  An elephant (shapeshifter) (Vaults:5)
  A worldbinder (Abyss:3)
  A black mamba (shapeshifter) (Abyss:3)
  10 elephants
  3 kobold blastminers
  5 merfolk sirens
  11 water nymphs
  Joseph (D:9)
  An apocalypse crab (Abyss:3)
  An eye of devastation (shapeshifter) (Vaults:5)
  2 molten gargoyles (Volcano)
  11 guardian serpents
  14 vault sentinels
  16 naga magi
  2 ice statues
  A smoke demon (Abyss:3)
  6 cane toads
  Jeremiah (D:7)
  An orange demon (D:9)
  A gargoyle (D:12)
  2 unseen horrors
  18 rime drakes
  10 komodo dragons
  Maggie (D:7)
  A freezing wraith (Vaults:2)
  2 ice devils (Lair:1)
  24 yaktaurs
  A troll (shapeshifter) (Vaults:5)
  A tengu conjurer (D:14)
  14 wind drakes
  5 trolls
  25 polar bears
  46 merfolk
  Prince Ribbit (D:9)
  A glass eye (Depths:1)
  A tarantella (Vaults:1)
  4 hornets (Lair:5)
  5 snapping turtles
  9 dream sheep
  2 glass eyes (shapeshifter) (Vaults:5)
  A frost giant simulacrum (Depths:1)
  A raiju (Abyss:2)
  32 slime creatures
  3 air elementals (Shoals:4)
  A ynoxinul (Abyss:3)
  8 wraiths
  3 vampires
  15 spriggans (Lair:5)
  Sigmund (D:4)
  3 wyverns
  30 water elementals
  A shadow (D:12)
  2 hogs (D:13)
  30 yaks
  4 basilisks
  A human (D:13)
  5 fire bats (Volcano)
  A yak (shapeshifter) (D:15)
  4 wargs
  6 vampire mosquitoes
  9 redbacks
  Edmund (D:5)
  2 tengu zombies (Depths:1)
  55 nagas
  10 water moccasins
  2 acid dragons
  9 orc warriors
  A sky beast (D:6)
  8 black bears
  4 laughing skulls
  2 ice beasts
  2 crocodiles (Sewer)
  5 boggarts (Lair:5)
  39 wolves
  14 centaurs
  12 ogres
  2 phantoms (D:4)
  A kobold brigand (D:8)
  11 bullfrogs
  4 small abominations
  7 scorpions
  A cane toad simulacrum (Lair:1)
  A two-headed ogre simulacrum (Lair:1)
  An earth elemental (Abyss:2)
  8 killer bees (D:9)
  A howler monkey (D:5)
  5 electric eels
  3 lava snakes (Volcano)
  5 hounds
  4 jellies
  A bombardier beetle (D:5)
  13 orc priests
  6 sleepcaps
  Crazy Yiuf (D:5)
  A gnoll bouda (D:7)
  4 iguanas
  2 starcursed masses (Abyss:3)
  Ijyb (D:4)
  A hell rat (Lair:2)
  Natasha (thrice) (D:3)
  31 orc wizards
  A sickly merfolk siren (Sewer)
  A malarious merfolk avatar (Sewer)
  A wolf simulacrum (Lair:1)
  Robin (D:4)
  7 gnolls
  A naga simulacrum (Lair:1)
  10 adders
  3 river rats (Sewer)
  4 shadow imps
  2 white imps
  A ribbon worm (D:2)
  42 orcs
  11 ball pythons
  7 bats
  5 endoplasms
  10 giant cockroaches
  19 goblins
  9 hobgoblins
  7 quokkas
  16 frilled lizards
  7 kobolds
  24 rats
  5 tentacles
1622 creatures vanquished.

Vanquished Creatures (others)
  A deep elf archer (Vaults:5)
  A komodo dragon (D:11)
  A water elemental (Shoals:4)
  3 orc wizards (Orc:2)
  2 orcs
  4 starspawn tentacles (Abyss:3)
  26 tentacles
38 creatures vanquished.

Grand Total: 1660 creatures vanquished

Notes
Turn   | Place    | Note
-------+----------+-------------------------------------------
     0 | D:1      | SnakkuSnakku7 the Merfolk Conjurer began the quest for the
                  | Orb.
     0 | D:1      | Reached XP level 1. HP: 13/13 MP: 3/3
   207 | D:1      | Reached skill level 1 in Polearms
   262 | D:1      | Reached skill level 1 in Fighting
   262 | D:1      | Reached XP level 2. HP: 21/21 MP: 5/5
   628 | D:1      | Reached XP level 3. HP: 21/27 MP: 6/6
  1074 | D:1      | Reached XP level 4. HP: 21/34 MP: 2/7
  1470 | D:2      | Found a transporter.
  1472 | D:2      | Found Noxiar's General Store.
  1880 | D:2      | Found a transporter.
  2035 | D:2      | Bought a scroll of teleportation for 36 gold pieces
  2035 | D:2      | Bought a scroll of identify for 24 gold pieces
  2105 | D:3      | Reached XP level 5. HP: 41/41 MP: 3/8
  2200 | D:3      | Noticed Natasha
  2215 | D:3      | Killed Natasha
  2216 | D:3      | Reached skill level 1 in Throwing
  2295 | D:3      | Noticed Natasha
  2317 | D:3      | Killed Natasha
  2727 | D:3      | Noticed Natasha
  2733 | D:3      | Killed Natasha
  2912 | D:2      | Bought a scroll of fear for 48 gold pieces
  3006 | D:4      | Reached skill level 5 in Polearms
  3006 | D:4      | Reached XP level 6. HP: 42/47 MP: 9/9
  3013 | D:4      | Noticed Sigmund
  3174 | D:4      | Found an opulent altar of Gozag.
  3270 | D:4      | Noticed Ijyb
  3367 | D:4      | Found a glowing drain.
  3381 | Sewer    | Entered a sewer
  3692 | Sewer    | Reached XP level 7. HP: 49/52 MP: 10/10
  4354 | D:4      | Killed Sigmund
  4365 | D:4      | Reached XP level 8. HP: 55/58 MP: 11/11
  4456 | D:4      | Killed Ijyb
  4573 | D:4      | Reached skill level 10 in Polearms
  4792 | D:4      | Noticed Robin
  4827 | D:4      | Killed Robin
  5046 | D:5      | Entered Level 5 of the Dungeon
  5165 | D:5      | Found a hide-covered altar of Uskayaw.
  5166 | D:5      | Noticed a +0 hand axe
  5166 | D:5      | Noticed a +0 hand axe
  5368 | D:5      | Found a glowing golden altar of the Shining One.
  5521 | D:5      | You fall into a shaft and drop 1 floor!
  6035 | D:5      | Noticed Edmund
  6049 | D:5      | Killed Edmund
  6050 | D:5      | Reached XP level 9. HP: 45/63 MP: 12/12
  6118 | D:5      | Identified the +6 sling of Ciotog {freeze, ^Fragile rC+
                  | Will+ Dex+6}
  6125 | D:5      | Found a runed translucent door.
  6126 | D:5      | Noticed Crazy Yiuf
  6308 | D:5      | Killed Crazy Yiuf
  6463 | D:6      | Found a staircase to the Ecumenical Temple.
  6513 | Temple   | Entered the Ecumenical Temple
  6521 | Temple   | Became a worshipper of Ru the Awakened
  7179 | D:6      | Found a shimmering altar of Xom.
  7209 | D:6      | Reached skill level 5 in Fighting
  7303 | D:7      | Noticed Jeremiah
  7303 | D:7      | Noticed Pikel
  7357 | D:7      | Noticed Maggie
  7384 | D:7      | Killed Maggie
  7564 | D:7      | Identified the ring "Bomoato" {rF+ Str-3 Int+6 Dex+4}
  7674 | D:7      | Found a burning altar of Makhleb.
  7721 | D:7      | Killed Pikel
  7722 | D:7      | Reached XP level 10. HP: 49/80 MP: 13/13
  8040 | D:7      | Killed Jeremiah
  8129 | D:7      | Gained mutation: You are hated by all. [Ru sacrifice]
  8129 | D:7      | Reached * piety under Ru
  8129 | D:7      | Reached ** piety under Ru
  8691 | D:8      | Found a snail-covered altar of Cheibriados.
  8693 | D:8      | Found a shadowy altar of Dithmenos.
  8901 | D:8      | Found a broken altar of Ashenzari.
  9031 | D:8      | Reached skill level 10 in Fighting
  9163 | D:8      | Found an ancient bone altar of Kikubaaqudgha.
  9363 | D:8      | Reached skill level 5 in Dodging
  9733 | D:9      | Noticed Prince Ribbit
  9802 | D:9      | Killed Prince Ribbit
  9803 | D:9      | Reached XP level 11. HP: 66/90 MP: 14/14
  9863 | D:9      | Noticed a two-headed ogre
  9888 | D:9      | Killed a two-headed ogre
  9889 | D:9      | Reached skill level 10 in Dodging
 10061 | D:9      | Found a staircase to the Orcish Mines.
 10134 | D:9      | Noticed Gastronok
 10156 | D:9      | Killed Gastronok
 10216 | D:9      | Noticed Joseph
 10242 | D:9      | Killed Joseph
 10391 | D:9      | Noticed Amaemon
 10408 | D:9      | Killed Amaemon
 10660 | D:10     | Entered Level 10 of the Dungeon
 10934 | D:2      | Bought a lightning rod (4/4) for 480 gold pieces
 11263 | D:10     | Gained mutation: You are somewhat inexperienced. (-1 XL)
                  | [Ru sacrifice]
 11263 | D:10     | Reached XP level 10. HP: 85/85 MP: 13/13
 11263 | D:10     | Reached *** piety under Ru
 11473 | D:10     | Found an iron altar of Okawaru.
 11715 | D:10     | Noticed a boulder beetle
 11730 | D:10     | Killed a boulder beetle
 12154 | D:11     | Found a staircase to the Lair.
 12372 | D:11     | Noticed a red ugly thing
 12396 | D:11     | Killed a red ugly thing
 12448 | D:11     | Found a portal to a secret trove of treasure.
 12498 | D:11     | Reached skill level 15 in Dodging
 12505 | D:11     | Reached skill level 1 in Evocations
 12513 | D:11     | Reached XP level 11. HP: 72/90 MP: 14/14
 12804 | D:11     | Noticed a two-headed ogre
 12816 | D:11     | Killed a two-headed ogre
 13052 | Lair:1   | Entered Level 1 of the Lair of Beasts
 13053 | Lair:1   | Identified a scroll of acquirement
 13053 | Lair:1   | Acquired the +7 glaive "Tunk" {venom, Str+2 Int-5 Dex+4
                  | Stlth+}
 13111 | Lair:1   | Found a gate leading to a gauntlet.
 13118 | Gauntlet | Entered a Gauntlet
 13118 | Gauntlet | Found a transporter.
 13121 | Gauntlet | Found a transporter.
 13133 | Gauntlet | Found a transporter.
 13133 | Gauntlet | Found the +3 Elemental Staff {ele, rElec rF+ rC+ AC+3}
 13137 | Gauntlet | Found a transporter.
 13144 | Gauntlet | Noticed a reaper
 13147 | Gauntlet | Found a transporter.
 13166 | Gauntlet | Noticed a thrashing horror
 13167 | Gauntlet | Found a transporter.
 13167 | Gauntlet | Noticed a thrashing horror
 13180 | Gauntlet | Found a transporter.
 13191 | Gauntlet | Gained mutation: You are dopey. (Int -2) [Ru sacrifice]
 13191 | Gauntlet | Reached **** piety under Ru
 13198 | Gauntlet | Found a transporter.
 13202 | Gauntlet | Found a transporter.
 13207 | Gauntlet | Noticed an entropy weaver
 13210 | Gauntlet | Found a transporter.
 13231 | Gauntlet | Found a transporter.
 13231 | Gauntlet | Found a transporter.
 13302 | Gauntlet | Identified the +0 helmet "Esifunn" {rElec rPois rF+}
 13443 | Gauntlet | Noticed a minotaur
 13458 | Gauntlet | Killed a minotaur
 13459 | Gauntlet | Reached skill level 15 in Polearms
 13737 | Lair:1   | Noticed a death yak
 13776 | Lair:1   | Noticed Erica
 13787 | Lair:1   | Killed a death yak
 13793 | Lair:1   | Killed Erica
 14123 | Lair:1   | Noticed an ice dragon
 14201 | Lair:1   | Killed an ice dragon
 14373 | Lair:1   | Noticed a catoblepas
 14471 | Lair:1   | Killed a catoblepas
 14709 | Lair:1   | Noticed Harold
 14719 | Lair:1   | Killed Harold
 14720 | Lair:1   | Reached XP level 12. HP: 81/97 MP: 15/15
 15091 | Lair:2   | Identified the +6 whip "Onimp" {freeze, rN+ Will- rCorr
                  | Int+2}
 15160 | Lair:2   | Found a transporter.
 15168 | Lair:2   | Noticed Qelianenn's ghost (journeyman TrFi)
 15178 | Lair:2   | Found a transporter.
 15668 | Lair:2   | Found a staircase to the Snake Pit.
 15964 | Lair:3   | Found a runed translucent gate.
 15964 | Lair:3   | Found a runed translucent gate.
 15969 | Lair:3   | Found a runed translucent gate.
 15969 | Lair:3   | Noticed Irhican's ghost (journeyman MiBe)
 15999 | Lair:3   | Found a staircase to the Shoals.
 16006 | Lair:3   | Reached skill level 1 in Armour
 16023 | Lair:3   | Gained mutation: Your cowardice makes you less effective in
                  | combat with threatening foes. [Ru sacrifice]
 16023 | Lair:3   | Reached ***** piety under Ru
 16133 | Lair:3   | Found a dark tunnel.
 16138 | Volcano  | Entered a volcano
 16237 | Volcano  | Found a bloodstained altar of Trog.
 16386 | Volcano  | Noticed a red draconian
 16397 | Volcano  | Killed a red draconian
 17075 | Lair:3   | Reached skill level 5 in Armour
 17172 | Lair:4   | Noticed Josephine
 17197 | Lair:4   | Killed Josephine
 17548 | Lair:4   | Gained mutation: You cannot study or use magical devices.
                  | [Ru sacrifice]
 17548 | Lair:4   | Reached ****** piety under Ru
 17768 | Lair:4   | Reached XP level 13. HP: 103/103 MP: 16/16
 17918 | D:10     | Fell from the grace of Ru
 17918 | D:10     | Became a worshipper of Warmaster Okawaru
 18281 | Lair:5   | Entered Level 5 of the Lair of Beasts
 18524 | Lair:5   | Found a staircase to the Slime Pits.
 18527 | Lair:5   | Noticed Urug
 18547 | Lair:5   | Killed Urug
 18547 | Lair:5   | Reached * piety under Okawaru
 18717 | Lair:5   | Reached ** piety under Okawaru
 19033 | Lair:5   | Reached *** piety under Okawaru
 19707 | Lair:5   | Reached **** piety under Okawaru
 20039 | Lair:3   | Killed Irhican's ghost
 20114 | Lair:2   | Reached skill level 10 in Armour
 20116 | Lair:2   | Reached skill level 1 in Invocations
 20127 | Lair:2   | Killed Qelianenn's ghost
 20345 | Orc:1    | Entered Level 1 of the Orcish Mines
 20426 | Orc:1    | Reached ***** piety under Okawaru
 20701 | Orc:2    | Entered Level 2 of the Orcish Mines
 20754 | Orc:2    | Reached skill level 5 in Invocations
 21184 | Orc:2    | Reached XP level 14. HP: 102/109 MP: 18/18
 21195 | Orc:2    | Paralysed by something for 5 turns
 21213 | Orc:1    | Received a gift from Okawaru
 21431 | Orc:2    | Noticed Nergalle
 21470 | Orc:2    | Paralysed by an orc sorcerer for 3 turns
 21480 | Orc:1    | Paralysed by an orc sorcerer for 5 turns
 21566 | Orc:2    | Killed Nergalle
 21648 | Orc:2    | Found an ancient bone altar of Kikubaaqudgha.
 21656 | Orc:2    | Found Pempu's Magic Scroll Shoppe.
 21805 | Orc:2    | Found a radiant altar of Vehumet.
 21821 | Orc:2    | Found Ygaefol's Antique Weapon Emporium.
 21845 | Orc:2    | Found Osu Taal's Jewellery Emporium.
 21848 | Orc:2    | Bought an ichor-stained demon trident for 420 gold pieces
 21848 | Orc:2    | Identified the +7 demon trident "Otirr" {elec, rElec rC-
                  | Str+4} (You bought it in a shop on level 2 of the Orcish
                  | Mines)
 21859 | Orc:2    | Bought an amulet of regeneration for 420 gold pieces
 21900 | Orc:2    | Bought a scroll of blinking for 90 gold pieces
 21900 | Orc:2    | Bought a scroll of fear for 48 gold pieces
 21900 | Orc:2    | Bought a scroll of enchant armour for 90 gold pieces
 21916 | Orc:2    | Found Teedit's Distillery.
 21925 | Orc:2    | Bought 2 potions of resistance for 220 gold pieces
 21925 | Orc:2    | Bought a potion of curing for 33 gold pieces
 21925 | Orc:2    | Bought a potion of curing for 33 gold pieces
 21957 | Orc:2    | Found a staircase to the Elven Halls.
 22991 | D:13     | Noticed Jorgrun
 23006 | D:13     | Killed Jorgrun
 23082 | D:13     | Noticed Kirke
 23196 | D:13     | Killed Kirke
 23196 | D:13     | Received a gift from Okawaru
 23318 | D:13     | Reached skill level 10 in Invocations
 23503 | D:13     | Noticed Erolcha
 23509 | D:13     | Killed Erolcha
 24453 | D:14     | Reached skill level 5 in Throwing
 24502 | D:14     | Received a gift from Okawaru
 24788 | D:14     | Found a gate to the Vaults.
 24921 | D:14     | Found a shimmering blue altar of Sif Muna.
 24939 | D:14     | Got Sif Muna's Secrets of Wicked Spells
 25238 | D:15     | Entered Level 15 of the Dungeon
 25495 | D:15     | Received a gift from Okawaru
 25518 | D:14     | Reached XP level 15. HP: 97/115 MP: 23/23
 25784 | D:15     | Found a staircase to the Depths.
 26154 | D:15     | Noticed a tengu reaver
 26180 | D:15     | Killed a tengu reaver
 26888 | D:11     | You paid a toll of +4 fire dragon scales to enter a
                  | treasure trove
 26889 | Trove    | Entered a treasure trove
 26894 | Trove    | Found the +2 pair of slick slippers {slick, slippery, EV+4}
 26900 | Trove    | Identified the ring of Xom's Entertainment {Fire rPois rN++
                  | Will+ Int-4}
 26903 | Trove    | Identified the +2 helmet of Misanthropy {rC- Dex+6 SInv}
 26911 | Trove    | Identified the ring of Rakisiut {rF+ Dex+5}
 26915 | Trove    | Identified the ring of Gaeps {Wiz rElec rN+}
 26917 | Trove    | Identified the +0 buckler of Hedge Wizardry {-Cast rC+
                  | SInv}
 27105 | Snake:1  | Entered Level 1 of the Snake Pit
 27152 | Snake:1  | Identified the +5 ring mail "Vuxag" {Rampage Regen+}
 27262 | Snake:1  | Received a gift from Okawaru
 27631 | Snake:1  | Reached ****** piety under Okawaru
 27632 | Snake:1  | Acquired a +3 vampiric bardiche
 27632 | Snake:1  | Received a gift from Okawaru
 27661 | Snake:1  | Received a gift from Okawaru
 27668 | Snake:1  | Acquired the +8 plate armour of the Northern Lights {rC+
                  | Regen+ rCorr Stlth+}
 27668 | Snake:1  | Received a gift from Okawaru
 27995 | Snake:2  | Noticed Vashnia
 28052 | Snake:2  | Killed Vashnia
 28251 | Snake:2  | Received a gift from Okawaru
 28419 | Snake:2  | Reached XP level 16. HP: 118/131 MP: 24/24
 28644 | Snake:2  | Received a gift from Okawaru
 29244 | Snake:3  | Found a glacial archway.
 29260 | IceCv    | Entered an ice cave
 29554 | IceCv    | Received a gift from Okawaru
 29876 | IceCv    | Noticed a shard shrike
 29907 | IceCv    | Killed a shard shrike
 30094 | Snake:3  | Received a gift from Okawaru
 30105 | Arena    | Entered the Arena
 30147 | Arena    | Entered the Arena
 30328 | Snake:3  | Reached skill level 15 in Fighting
 30365 | Snake:3  | Noticed Donald
 30457 | Snake:3  | Killed Donald
 30490 | Snake:3  | Found Wuzap's Armour Shop.
 30635 | Snake:3  | Reached XP level 17. HP: 142/142 MP: 16/25
 30738 | Snake:3  | Received a gift from Okawaru
 30833 | Snake:3  | Found Ruras's Jewellery Shoppe.
 31065 | Snake:4  | Entered Level 4 of the Snake Pit
 31757 | Snake:4  | Received a gift from Okawaru
 32149 | Snake:4  | Got a serpentine rune of Zot
 32239 | Snake:4  | Found Ilociec's Antique Weapon Shoppe.
 32617 | Shoals:1 | Entered Level 1 of the Shoals
 32797 | Arena    | Entered the Arena
 32899 | Shoals:1 | Found Ritaliz's Magic Scroll Shop.
 32915 | Shoals:1 | Bought a scroll of enchant weapon for 82 gold pieces
 32915 | Shoals:1 | Bought a scroll of teleportation for 33 gold pieces
 32915 | Shoals:1 | Bought a scroll of fog for 44 gold pieces
 32915 | Shoals:1 | Bought a scroll of fear for 44 gold pieces
 32915 | Shoals:1 | Bought 2 scrolls of teleportation for 66 gold pieces
 32958 | Shoals:1 | Received a gift from Okawaru
 33433 | Shoals:2 | Found a runed translucent gate.
 33433 | Shoals:2 | Found a runed translucent gate.
 33433 | Shoals:2 | Found a runed translucent gate.
 33468 | Shoals:2 | Noticed Milo's ghost (journeyman DrAl)
 33469 | Shoals:2 | Noticed hawkwood's ghost (adept DgAr)
 33732 | Shoals:3 | Reached XP level 18. HP: 162/162 MP: 26/26
 33795 | Shoals:3 | Found Vomarin's Jewellery Boutique.
 33952 | Shoals:3 | Found a runed translucent gate.
 33953 | Shoals:3 | Found a runed translucent gate.
 33960 | Shoals:3 | Noticed dialectric's ghost (journeyman MiFi)
 34180 | Shoals:3 | Found a runed translucent gate.
 34203 | Shoals:3 | Received a gift from Okawaru
 34279 | Shoals:4 | Entered Level 4 of the Shoals
 34723 | Shoals:4 | Got a barnacled rune of Zot
 34726 | Shoals:4 | Got an azure gem with 162 turns to spare
 34767 | Shoals:4 | Identified the ring "Tulizios" {Fire rN+ Int+4}
 34874 | Shoals:4 | Noticed Louise
 34908 | Shoals:4 | Killed Louise
 34959 | Shoals:4 | Received a gift from Okawaru
 35012 | Shoals:4 | Paralysed by an air elemental for 1 turns
 35176 | Shoals:4 | Paralysed by an air elemental for 1 turns
 35342 | Shoals:4 | Noticed Polyphemus
 35350 | Shoals:4 | Killed Polyphemus
 35399 | Shoals:4 | Identified the +2 leather armour of the Ecumenical Temple
                  | {rPois Will+ Int-4 Dex+2}
 35715 | Shoals:3 | Killed dialectric's ghost
 35786 | Shoals:3 | Identified the +2 helmet of the Shining Light {rC+}
 35803 | Shoals:3 | Received a gift from Okawaru
 35897 | Shoals:1 | Killed hawkwood's ghost
 35911 | Shoals:2 | Killed Milo's ghost
 36202 | Vaults:1 | Entered Level 1 of the Vaults
 36388 | Vaults:1 | Reached XP level 19. HP: 160/169 MP: 27/27
 36462 | Vaults:1 | You fall into a shaft and drop 1 floor!
 36626 | Vaults:2 | Found a flickering gateway to a bazaar.
 36649 | Bazaar   | Entered a bazaar
 36664 | Bazaar   | Found Oly Ehug's Jewellery Shoppe.
 36694 | Bazaar   | Found Pabuyrghu's Assorted Antiques.
 36732 | Bazaar   | Found Dajif's Assorted Antiques.
 36740 | Bazaar   | Bought a scroll of enchant armour for 142 gold pieces
 36762 | Bazaar   | Found Fudego's Jewellery Shoppe.
 36804 | Bazaar   | Bought the ring "Zorocseoni" {rElec Int+6 Slay+3} for 876
                  | gold pieces
 36862 | Vaults:2 | Received a gift from Okawaru
 37118 | Vaults:1 | Paralysed by a formless jellyfish for 1 turns
 37356 | Vaults:1 | Found Titatuaw's Distillery.
 37365 | Vaults:1 | Bought a potion of heal wounds for 95 gold pieces
 37365 | Vaults:1 | Bought a potion of resistance for 190 gold pieces
 37511 | Vaults:1 | Found Xoapoloc's Weapon Emporium.
 37722 | Vaults:1 | Received a gift from Okawaru
 38351 | Orc:2    | Bought a scroll of enchant weapon for 90 gold pieces
 38351 | Orc:2    | Bought a scroll of enchant weapon for 90 gold pieces
 39165 | Vaults:2 | Received a gift from Okawaru
 39694 | Vaults:2 | Found a staircase to the Crypt.
 39887 | Vaults:3 | Received a gift from Okawaru
 39910 | Vaults:3 | Reached XP level 20. HP: 176/176 MP: 28/28
 40556 | Vaults:3 | Found Toupail's Weapon Shoppe.
 40873 | Vaults:4 | Received a gift from Okawaru
 40964 | Vaults:4 | Reached skill level 15 in Armour
 41236 | Vaults:4 | Received a gift from Okawaru
 41690 | Vaults:4 | Found the +9 sword of Power {lifebolt}
 41711 | Vaults:4 | Received a gift from Okawaru
 41795 | Vaults:4 | Found Qicam's Jewellery Shoppe.
 41974 | Vaults:5 | Entered Level 5 of the Vaults
 42059 | Vaults:5 | Noticed a golden dragon
 42209 | Vaults:5 | Reached XP level 21. HP: 184/184 MP: 31/31
 42214 | Vaults:5 | Noticed a golden dragon
 42256 | Vaults:5 | Killed a golden dragon
 42273 | Vaults:5 | Killed a golden dragon
 42290 | Vaults:5 | Noticed an ancient lich
 42292 | Vaults:5 | Reached skill level 15 in Invocations
 42297 | Vaults:5 | Received a gift from Okawaru
 42330 | Arena    | Entered the Arena
 42347 | Arena    | Entered the Arena
 42377 | Vaults:5 | Noticed a dread lich
 42378 | Arena    | Entered the Arena
 42380 | Arena    | Killed an ancient lich
 42398 | Arena    | Entered the Arena
 42406 | Arena    | Killed a dread lich
 42426 | Vaults:5 | Noticed an ancient lich
 42552 | Vaults:5 | Got a silver rune of Zot
 42697 | Vaults:5 | Identified the +5 orcbow of the Nexus {flame, Will+ MP+9
                  | Int+3 Dex-2}
 42731 | Vaults:5 | Identified the ring "Vidar" {rElec rPois rN+ MP+9 Dex-5}
 42804 | Vaults:5 | Received a gift from Okawaru
 42817 | Arena    | Entered the Arena
 42835 | Vaults:5 | Identified the staff of Malaise {rC+ rN++ rCorr Dex+5 Ice}
 42856 | Vaults:5 | Killed an ancient lich
 43075 | Vaults:5 | Identified the +1 halberd of Modesty {flame, rElec}
 43521 | Vaults:5 | Received a gift from Okawaru
 43762 | Vaults:5 | Identified the +8 dagger of the Chewing Gods {protect,
                  | rPois rC+ Will-}
 43762 | Vaults:5 | Identified the +8 scimitar "Oneigg" {heavy, Will+ rCorr
                  | Str+3}
 43765 | Vaults:5 | Identified the +0 robe "Yvicem" {rF+++ rC- Regen+ Dex+5}
 43875 | Vaults:5 | Identified the +0 whip "Vorufow" {drain, +Blink rElec rC+
                  | Stlth+}
 44128 | Vaults:5 | Got the Volume of Impulse and Elsewhere
 44177 | Vaults:5 | Identified the +2 pair of boots "Duarim" {Harm Fly}
 44307 | Vaults:1 | Bought a +0 antimagic bardiche for 377 gold pieces
 44539 | Orc:2    | Bought a scroll of enchant weapon for 90 gold pieces
 44768 | Depths:1 | Entered Level 1 of the Depths
 44832 | Depths:1 | Received a gift from Okawaru
 44839 | Depths:1 | Reached XP level 22. HP: 200/200 MP: 33/33
 44839 | Depths:1 | Reached XP level 23. HP: 209/209 MP: 34/34
 45042 | Depths:1 | Found a runed translucent gate.
 45042 | Depths:1 | Found a runed translucent gate.
 45042 | Depths:1 | Found a runed translucent gate.
 45043 | Depths:1 | Noticed xzight's ghost (legendary MiBe)
 45544 | Depths:1 | Found a gateway to Hell.
 45586 | Depths:1 | Received a gift from Okawaru
 45995 | Depths:2 | Found Foddidau's Antique Armour Shop.
 45999 | Depths:2 | Bought a pair of embroidered gloves for 337 gold pieces
 46064 | Depths:2 | Found a one-way gate leading to the halls of Pandemonium.
 46122 | Depths:2 | Found a huge runed translucent gate.
 46122 | Depths:2 | Found a huge runed translucent gate.
 46123 | Depths:2 | Found a huge runed translucent gate.
 46124 | Depths:2 | Found a huge runed translucent gate.
 46125 | Depths:2 | Found a huge runed translucent gate.
 46125 | Depths:2 | Found a huge runed translucent gate.
 46126 | Depths:2 | Found a huge runed translucent gate.
 46127 | Depths:2 | Found a huge runed translucent gate.
 46127 | Depths:2 | Found a huge runed translucent gate.
 46127 | Depths:2 | Found a huge runed translucent gate.
 46127 | Depths:2 | Found a huge runed translucent gate.
 46127 | Depths:2 | Found a huge runed translucent gate.
 46128 | Depths:2 | Found a huge runed translucent gate.
 46132 | Depths:2 | Found a huge runed translucent gate.
 46136 | Depths:2 | Found a huge runed translucent gate.
 46137 | Depths:2 | Found a huge runed translucent gate.
 46179 | Abyss:2  | Cast into level 2 of the Abyss (an occultist)
 46187 | Abyss:2  | Found a corrupted altar of Lugonu.
 46252 | Abyss:2  | Found a corrupted altar of Lugonu.
 46274 | Abyss:2  | Found a corrupted altar of Lugonu.
 46324 | Abyss:3  | Found a corrupted altar of Lugonu.
 46331 | Abyss:3  | Found a shimmering blue altar of Sif Muna.
 46332 | Abyss:3  | Found a corrupted altar of Lugonu.
 46332 | Abyss:3  | Found a shimmering blue altar of Sif Muna.
 46332 | Abyss:3  | Found a corrupted altar of Lugonu.
 46332 | Abyss:3  | Found a shimmering blue altar of Sif Muna.
 46434 | Abyss:3  | Paralysed by accursed screaming for 2 turns
 46454 | Abyss:3  | Paralysed by accursed screaming for 2 turns
 46455 | Abyss:3  | Killed from afar by a starcursed mass

Illustrated notes

Levels and vault maps discovered:
D:1:      dpeg_arrival_water_fire, layout_basic, corner_web_ring,
          nicolae_concentric_dashed_squares_wild
D:2:      layout_loops_ring, serial_shops, nicolae_shop_drivethru,
          minmay_pentomino_r2
D:3:      layout_basic, uniq_natasha
D:4:      layout_rooms, lemuel_doored_altar, gup_sewer_entry_pipe,
          dk_rats_in_the_wall, uniq_robin, uniq_sigmund, uniq_ijyb
D:5:      layout_loops_ring, dancing_weapons_uskayaw, tso_oasis_becter,
          uniq_edmund, uniq_crazy_yiuf_cottage
D:6:      layout_loops_ring, mainiacjoe_overflow_brackets,
          minmay_temple_entry_drinking_statues, minmay_small_thing
D:7:      layout_basic, general_overflow_altar, uniq_jeremiah, uniq_maggie,
          uniq_pikel
D:8:      layout_gridville, evilmike_ruin_ashenzari, kiku_gazebo_garden_becter,
          nicolae_overflow_hidden_temple, kennysheep_generic_room_9
D:9:      layout_small_grid, orc_0_dummy, minmay_variable_closet,
          chequers_jeans, hangedman_abyss_or_decor_lesser_grid, uniq_joseph,
          uniq_gastronok, uniq_prince_ribbit1, uniq_amaemon
D:10:     layout_basic, lemuel_round_altar
D:11:     layout_cave_pods, erik_lair_orcish_takeover,
          nicolae_trove_entry_diagonal
D:12:     layout_loops_ring
D:13:     layout_long_grid, minivault_15, uniq_kirke, uniq_jorgrun, uniq_erolcha
D:14:     layout_loops_ring, david_vaults_1, serial_park_avenue1,
          chequers_decorated_corner, led_sif_book
D:15:     gammafunk_depths_entry_grave, layout_loops_ring, wad_scary_box
Temple:   eino_temple_lava
Lair:1:   dreamdust_isle_of_ice, layout_small_grid, gauntlet_entry_generic,
          uniq_erica, uniq_harold
Lair:2:   layout_roguey, minmay_snake_entry_spellcaster, nzn_ghost_randoct,
          lemuel_fruit_fields, lemuel_fruit_tree
Lair:3:   layout_loops_ring, nicolae_shoals_entry_roost,
          nicolae_volcano_entry_s_turn, gammafunk_ghost_split
Lair:4:   layout_regular_city, uniq_josephine
Lair:5:   minmay_lair_end_enchanted_forest, layout_concentric_octagons,
          slime_entry_1, grunt_megastairs_3, uniq_urug
Shoals:1: layout_shoals, serial_shops, nicolae_shop_advertising_works
          [nicolae_subvault_shop_adworks]
Shoals:2: layout_shoals, gammafunk_ghost_cemetery
Shoals:3: layout_shoals, gammafunk_ghost_tricky_traps, serial_shops,
          nicolae_shop_real_fake_doors, nicolae_shoals_mertower
Shoals:4: shoals_end_hellmonk_storm_palace [storm_palace_center_square,
          storm_palace_corner_narrow, storm_palace_corner_blocked,
          storm_palace_corner_reverse_hut, storm_palace_corner_grid],
          uniq_louise, uniq_polyphemus
Snake:1:  layout_onion_interference, serial_bayou_shore_a
Snake:2:  layout_basic, hangedman_snake_corridor_split, grunt_megastairs_2,
          uniq_vashnia
Snake:3:  layout_cave_town, serial_shops, nicolae_shop_hallway_plus,
          portal_ice_cave_entry_pillars_1, nicolae_stop_n_shop_1,
          grunt_megastairs_4, uniq_donald
Snake:4:  minmay_snake_end_coiled, layout_grid_shapes, serial_shops,
          nicolae_shop_scrapyard
Orc:1:    layout_caves
Orc:2:    kennysheep_orc_mage_school, layout_diamond_mine
Vaults:1: nicolae_vaults_mini_display_case, v_misc_27, v_rooms_4, v_misc_1,
          nicolae_vaults_taking_the_gang_shopping, nicolae_vaults_back_hallway,
          nicolae_vaults_network_square, nicolae_vaults_double_plus_1,
          nicolae_vaults_trapezoid_3, layout_vaults_big_room, serial_shops, shop
Vaults:2: v_alt_pattern_5, nicolae_vaults_closet_pinwheel_6,
          hangedman_vaults_nails, ontoclasm_vaults_idyll, vaults_dpeg_cross,
          dpeg_vaults_monster_box, nicolae_vaults_diamond_1, v_pattern_5,
          minmay_crypt_entry_simple_box, ontoclasm_vaults_shuriken, st_cells,
          layout_vaults_omnigrid, serial_shops, bzr_entry_gold
Vaults:3: hangedman_vaults_stitches, v_misc_8, hangedman_vaults_snaps,
          v_misc_27, nicolae_vaults_stairing_the_circle, v_misc_29,
          ontoclasm_vaults_loading_screen, nicolae_vaults_closet_pinwheel_1,
          nicolae_vaults_asterisk, layout_vaults_omnicross, serial_shops, shop
Vaults:4: hangedman_vaults_restitches, hangedman_vaults_capsules,
          nicolae_vaults_oval_intersection, vaults_room_ringed_pool,
          nicolae_vaults_little_squares_2, vaults_room_large_hall,
          nicolae_vaults_network_s, nicolae_vaults_ellipses_ellipsis,
          minmay_guarded_unrand_sword_of_power, nicolae_vaults_trapezoid_3,
          vaults_room_door_ring, vaults_room_pools, nicolae_vaults_apartment_1,
          vaults_room_fours, layout_vaults_ring, serial_shops, shop
Vaults:5
Depths:1: layout_forbidden_donut, serial_bayou, serial_bayou_pond_d,
          serial_bayou_lagoon_a, serial_bayou_pond_a, serial_bayou_shore_b,
          gammafunk_ghost_ooze, grunt_metal_band, nicolae_BIG_FREAKIN_CUBE,
          hex_tiny, grunt_decor_fettered, chequers_serial_rivers_marsh,
          drop_trap, lemuel_flame_loot_1
Depths:2: minmay_guarded_unrand_sceptre_of_torment, layout_honeycomb,
          hell_entry, kennysheep_boxes, rand_demon_pan_entry_3, serial_shops,
          shop, nrook_loot_triangle, door_vault
Abyss:3:  base: Vaults:3, evilmike_abyss_exit_2, nicolae_abyss_rune_left_handed

Skill      XL: |  1  2  3  4  5  6  7  8  9 10 11 12 13 14 15 16 17 18 19 20 21 22 23 |
---------------+----------------------------------------------------------------------+-----
Polearms       | 1 2 3 4 5 6 9 12 14 18 20 21 24 | 24.0
Fighting       | 1 2 3 8 10 13 15 19 20 23 24 | 24.0
Throwing       | 2 3 4 8 |  8.9
Dodging        | 15 12 20 22 | 22.2
Evocations     | 1 3 0 |  0.0
Armour         | 6 10 13 15 | 15.0
Invocations    | 5 11 14 15 | 15.0
Stealth        | |  2.1
Spellcasting   | |  2.0
Conjurations   | |  3.2

Action                     |  1- 3 |  4- 6 |  7- 9 | 10-12 | 13-15 | 16-18 | 19-21 | 22-24 || total
---------------------------+-------+-------+-------+-------+-------+-------+-------+-------++-------
  Melee: Spear             |   131 |   260 |   186 |       |       |       |       |       ||   577
         Punch             |     2 |     3 |       |     4 |       |       |       |       ||     9
         Tailslap          |     1 |     2 |    20 |     3 |     4 |    32 |       |    19 ||    81
         Halberd           |       |       |   351 |    17 |       |       |       |       ||   368
         Trident           |       |       |       |   472 |    16 |       |       |       ||   488
         Glaive            |       |       |       |   438 |  1361 |       |       |       ||  1799
         Bardiche          |       |       |       |       |   243 |  2299 |  2098 |   428 ||  5068
  Throw: Dart              |       |     8 |    48 |    33 |       |       |       |       ||    89
   Cast: Magic Dart        |     5 |    38 |       |     1 |       |       |       |       ||    44
 Invoke: Sacrifice Love    |       |       |       |     1 |       |       |       |       ||     1
         Sacrifice Experie |       |       |       |     1 |       |       |       |       ||     1
         Draw Out Power    |       |       |       |     1 |       |       |       |       ||     1
         Power Leap        |       |       |       |     1 |       |       |       |       ||     1
         Sacrifice Purity  |       |       |       |     1 |       |       |       |       ||     1
         Sacrifice Artific |       |       |       |     1 |       |       |       |       ||     1
         Sacrifice Courage |       |       |       |     1 |       |       |       |       ||     1
         Heroism           |       |       |       |       |     2 |     2 |       |       ||     4
         Receive Weapon    |       |       |       |       |     1 |       |       |       ||     1
         Receive Armour    |       |       |       |       |     1 |       |       |       ||     1
         Finesse           |       |       |       |       |       |     4 |     3 |       ||     7
         Duel              |       |       |       |       |       |     3 |     5 |       ||     8
  Evoke: Wand              |       |     1 |    23 |    11 |       |       |       |       ||    35
         Lightning rod     |       |       |       |    10 |       |       |       |       ||    10
    Use: Scroll            |       |     8 |     5 |    11 |    14 |    11 |    15 |     2 ||    66
         Potion            |       |     1 |     4 |     1 |     4 |     5 |    14 |     7 ||    36
   Stab: Sleeping          |     5 |     2 |     1 |     5 |       |       |       |       ||    13
         Distracted        |       |       |     1 |     3 |     3 |       |     1 |       ||     8
         Invisible         |       |       |       |     5 |       |       |       |       ||     5
 Armour: Leather armour    |    13 |       |       |       |       |       |       |       ||    13
         Ring mail         |    53 |   173 |   221 |       |    64 |       |       |       ||   511
         Steam dragon scal |       |       |    23 |   182 |       |       |       |       ||   205
         Plate armour      |       |       |       |   164 |   192 |  1809 |  1777 |   331 ||  4273
         Chain mail        |       |       |       |    40 |   613 |       |       |       ||   653
  Dodge: Dodged            |    60 |   139 |   177 |   455 |   914 |  1133 |  1048 |   194 ||  4120
  Block: Other             |       |       |       |   100 |    83 |       |       |       ||   183
         Reflection        |       |       |       |     5 |     7 |       |       |       ||    12
